PIO (24 & UNDER)
SASKATOON SMOKIN' GUNS @ COLORADO COMMANDERS
09/22/2024
 
TOP OF THE 1ST
Saskatoon Smokin' Guns batting - Pitching for Colorado Commanders : RHP Manuel Zarate
Pitching: RHP Manuel Zarate
Batting: RHB Juan Chávez 0-0: Called Strike
0-1: Ball
1-1: Called Strike
1-2: Fly out, F9 (Flyball, 89M)
Batting: RHB César Rodríguez 0-0: Fly out, F3 (Popup, 3S)
Batting: LHB Russell Peck 0-0: Ball
1-0: Ball
2-0: Ball
3-0: Base on Balls
Batting: LHB José Lińares 0-0: DOUBLE (Line Drive, 89M)
Russell Peck to third
Batting: RHB Eric Neal 0-0: Ball
Passed Ball!
Russell Peck scores
José Lińares to third
1-0: Fly out, F8 (Flyball, 8LM)
Top of the 1st over - 1 run(s), 1 hit(s), 0 error(s), 1 left on base; Saskatoon 1 - Colorado 0
BOTTOM OF THE 1ST
Colorado Commanders batting - Pitching for Saskatoon Smokin' Guns : RHP William Bryan
Pitching: RHP William Bryan
Batting: RHB Arnold Harmon 0-0: Ball
1-0: Ball
2-0: Ball
3-0: Base on Balls
Batting: RHB Ray Ervin 0-0: Called Strike
0-1: Foul Ball, location: 2F
0-2: Strikes out swinging
Batting: RHB José Aranda 0-0: Ball
Arnold Harmon is caught stealing 2nd base
1-0: Ball
2-0: Swinging Strike
2-1: Foul Ball, location: 2F
2-2: Strikes out looking
Bottom of the 1st over - 0 run(s), 0 hit(s), 0 error(s), 0 left on base; Saskatoon 1 - Colorado 0
TOP OF THE 2ND
Saskatoon Smokin' Guns batting - Pitching for Colorado Commanders : RHP Manuel Zarate
Batting: LHB Bo Rush 0-0: Ball
1-0: Ball
2-0: Fly out, F6 (Line Drive, 56D)
Batting: RHB Xavier López 0-0: Ball
1-0: Ball
2-0: Ball
3-0: Foul Ball, location: 2F
3-1: Base on Balls
Batting: RHB Alvin Hampton 0-0: Ball
1-0: Foul Ball, location: 2F
1-1: Ball
2-1: Fly out, F7 (Flyball, 78M)
Batting: RHB Jason O'Toole 0-0: Ball
1-0: Fielders Choice at 2nd, 5-4 (Groundball, 56)
Top of the 2nd over - 0 run(s), 0 hit(s), 0 error(s), 0 left on base; Saskatoon 1 - Colorado 0
BOTTOM OF THE 2ND
Colorado Commanders batting - Pitching for Saskatoon Smokin' Guns : RHP William Bryan
Batting: LHB Michael Barrett 0-0: Fly out, F8 (Flyball, 8LM)
Batting: RHB Gerald Johnson 0-0: Ball
1-0: Ball
2-0: Ball
3-0: Called Strike
3-1: Called Strike
3-2: Strikes out looking
Batting: SHB Theodore Cook 0-0: Swinging Strike
0-1: Foul Ball, location: 2F
0-2: Strikes out swinging
Bottom of the 2nd over - 0 run(s), 0 hit(s), 0 error(s), 0 left on base; Saskatoon 1 - Colorado 0
TOP OF THE 3RD
Saskatoon Smokin' Guns batting - Pitching for Colorado Commanders : RHP Manuel Zarate
Batting: RHB Juan Chávez 0-0: Foul Ball, location: 2F
0-1: Ground out 6-3 (Groundball, 6)
Batting: RHB César Rodríguez 0-0: Foul Ball, location: 2F
0-1: Foul Ball, location: 2F
0-2: Foul Ball, location: 2F
0-2: Strikes out looking
Batting: LHB Russell Peck 0-0: Fly out, F9 (Flyball, 89M)
Top of the 3rd over - 0 run(s), 0 hit(s), 0 error(s), 0 left on base; Saskatoon 1 - Colorado 0
BOTTOM OF THE 3RD
Colorado Commanders batting - Pitching for Saskatoon Smokin' Guns : RHP William Bryan
Batting: RHB Earnest Turner 0-0: Called Strike
0-1: Ball
1-1: Ball
2-1: Ground out 1-3 (Groundball, 23)
Batting: RHB Samuel Pasolini 0-0: Foul Ball, location: 2F
0-1: Ball
1-1: Ball
2-1: Swinging Strike
2-2: Strikes out swinging
Batting: RHB Júlio Torres 0-0: Ball
1-0: SINGLE (Line Drive, 34)
Batting: RHB Arnold Harmon 0-0: Called Strike
0-1: Ball
1-1: Called Strike
1-2: Strikes out swinging
Bottom of the 3rd over - 0 run(s), 1 hit(s), 0 error(s), 1 left on base; Saskatoon 1 - Colorado 0
TOP OF THE 4TH
Saskatoon Smokin' Guns batting - Pitching for Colorado Commanders : RHP Manuel Zarate
Batting: LHB José Lińares 0-0: Called Strike
0-1: Foul Ball, location: 2F
0-2: Ball
1-2: Ball
2-2: Ground out 4-3 (Groundball, 4)
Batting: RHB Eric Neal 0-0: Called Strike
0-1: Ball
1-1: Foul Ball, location: 2F
1-2: Strikes out swinging
Batting: LHB Bo Rush 0-0: Called Strike
0-1: Ball
1-1: Ground out 6-3 (Groundball, 6M)
Top of the 4th over - 0 run(s), 0 hit(s), 0 error(s), 0 left on base; Saskatoon 1 - Colorado 0
BOTTOM OF THE 4TH
Colorado Commanders batting - Pitching for Saskatoon Smokin' Guns : RHP William Bryan
Batting: RHB Ray Ervin 0-0: Ground out 6-3 (Groundball, 6)
Batting: RHB José Aranda 0-0: SINGLE (Line Drive, 89S)
Batting: LHB Michael Barrett 0-0: Ball
1-0: Foul Ball, location: 2F
1-1: Ball
2-1: Foul Ball, location: 2F
2-2: Foul Ball, location: 2F
2-2: Ball
3-2: Strikes out swinging
Batting: RHB Gerald Johnson 0-0: Ball
1-0: SINGLE (Groundball, 5D)
José Aranda to second
Batting: SHB Theodore Cook 0-0: Ball
1-0: Called Strike
1-1: Foul Ball, location: 2F
1-2: Ball
2-2: Fly out, F8 (Flyball, 8RS)
Bottom of the 4th over - 0 run(s), 2 hit(s), 0 error(s), 2 left on base; Saskatoon 1 - Colorado 0
TOP OF THE 5TH
Saskatoon Smokin' Guns batting - Pitching for Colorado Commanders : RHP Manuel Zarate
Batting: RHB Xavier López 0-0: Called Strike
0-1: Ball
1-1: Fly out, F6 (Popup, 6M)
Batting: RHB Alvin Hampton 0-0: Called Strike
0-1: Ball
1-1: Swinging Strike
1-2: Strikes out swinging
Batting: RHB Jason O'Toole 0-0: Called Strike
0-1: SINGLE (Line Drive, 7S)
Batting: RHB Juan Chávez 0-0: Called Strike
0-1: Ball
1-1: Called Strike
1-2: Foul Ball, location: 2F
1-2: Strikes out swinging
Top of the 5th over - 0 run(s), 1 hit(s), 0 error(s), 1 left on base; Saskatoon 1 - Colorado 0
BOTTOM OF THE 5TH
Colorado Commanders batting - Pitching for Saskatoon Smokin' Guns : RHP William Bryan
Batting: RHB Earnest Turner 0-0: Called Strike
0-1: Ball
1-1: Swinging Strike
1-2: Ball
2-2: Foul Ball, location: 2F
2-2: Strikes out swinging
Batting: RHB Samuel Pasolini 0-0: Called Strike
0-1: Foul Ball, location: 2F
0-2: Strikes out swinging
Batting: RHB Júlio Torres 0-0: Ball
1-0: Ball
2-0: Called Strike
2-1: Foul Ball, location: 2F
2-2: Ball
3-2: Base on Balls
Batting: RHB Arnold Harmon 0-0: Foul Ball, location: 2F
0-1: Foul Ball, location: 2F
0-2: Ball
1-2: Fly out, F6 (Popup, 6MD)
Bottom of the 5th over - 0 run(s), 0 hit(s), 0 error(s), 1 left on base; Saskatoon 1 - Colorado 0
TOP OF THE 6TH
Saskatoon Smokin' Guns batting - Pitching for Colorado Commanders : RHP Manuel Zarate
Batting: RHB César Rodríguez 0-0: Fly out, F3 (Popup, 3SF)
Batting: LHB Russell Peck 0-0: Foul Ball, location: 2F
0-1: Ground out U3 (Groundball, 3)
Batting: LHB José Lińares 0-0: Ball
1-0: Ball
2-0: Foul Ball, location: 2F
2-1: DOUBLE (Line Drive, 8RM)
Batting: RHB Eric Neal 0-0: Ball
1-0: Ball
2-0: DOUBLE (Line Drive, 7LS)
José Lińares scores
Batting: LHB Bo Rush 0-0: Ball
1-0: Called Strike
1-1: Ball
2-1: Ground out 6-3 (Groundball, 6)
Top of the 6th over - 1 run(s), 2 hit(s), 0 error(s), 1 left on base; Saskatoon 2 - Colorado 0
BOTTOM OF THE 6TH
Colorado Commanders batting - Pitching for Saskatoon Smokin' Guns : RHP William Bryan
Batting: RHB Ray Ervin 0-0: Ball
1-0: Ball
2-0: Ball
3-0: Called Strike
3-1: Ground out 6-3 (Groundball, 6M)
Batting: RHB José Aranda 0-0: Ball
1-0: Ball
2-0: Swinging Strike
2-1: Swinging Strike
2-2: Strikes out swinging
Batting: LHB Michael Barrett 0-0: Swinging Strike
0-1: Swinging Strike
0-2: Foul Ball, location: 2F
0-2: Strikes out swinging
Bottom of the 6th over - 0 run(s), 0 hit(s), 0 error(s), 0 left on base; Saskatoon 2 - Colorado 0
TOP OF THE 7TH
Saskatoon Smokin' Guns batting - Pitching for Colorado Commanders : RHP Manuel Zarate
Batting: RHB Xavier López 0-0: Ball
1-0: Ground out 6-3 (Groundball, 56)
Batting: RHB Alvin Hampton 0-0: Called Strike
0-1: Ground out 5-3 (Groundball, 5S)
Batting: RHB Jason O'Toole 0-0: Ground out 6-3 (Groundball, 6)
Top of the 7th over - 0 run(s), 0 hit(s), 0 error(s), 0 left on base; Saskatoon 2 - Colorado 0
BOTTOM OF THE 7TH
Colorado Commanders batting - Pitching for Saskatoon Smokin' Guns : RHP William Bryan
Pitching: RHP Melvin Hicks
Batting: RHB Gerald Johnson 0-0: Swinging Strike
0-1: Ball
1-1: Ball
2-1: Foul Ball, location: 2F
2-2: Foul Ball, location: 2F
2-2: Strikes out looking
Batting: SHB Theodore Cook 0-0: Called Strike
0-1: Foul Ball, location: 2F
0-2: Ball
1-2: Ball
2-2: Ball
3-2: Foul Ball, location: 2F
3-2: Strikes out swinging
Batting: RHB Earnest Turner 0-0: Called Strike
0-1: Ball
1-1: Ball
2-1: SINGLE (Line Drive, 34)
Batting: RHB Samuel Pasolini 0-0: Ball
1-0: Foul Ball, location: 2F
1-1: Ball
2-1: Ball
3-1: Swinging Strike
3-2: Strikes out swinging
Bottom of the 7th over - 0 run(s), 1 hit(s), 0 error(s), 1 left on base; Saskatoon 2 - Colorado 0
TOP OF THE 8TH
Saskatoon Smokin' Guns batting - Pitching for Colorado Commanders : RHP Manuel Zarate
Batting: RHB Juan Chávez 0-0: Ball
1-0: Swinging Strike
1-1: Swinging Strike
1-2: Strikes out looking
Batting: RHB César Rodríguez 0-0: Ball
1-0: Called Strike
1-1: Fly out, F7 (Flyball, 7M)
Batting: LHB Russell Peck 0-0: Called Strike
0-1: Foul Ball, location: 2F
0-2: SINGLE (Line Drive, 4D)
Pitching: RHP Kel Rosewarne
Batting: LHB José Lińares 0-0: Ball
1-0: Called Strike
1-1: Ball
2-1: Ball
3-1: DOUBLE (Flyball, 7M)
Russell Peck to third
Runner from 3rd tries for Home, SAFE, no throw or cutoff
Batting: RHB Eric Neal 0-0: Ball
1-0: Foul Ball, location: 2F
1-1: Ball
2-1: Foul Ball, location: 2F
2-2: Ball
3-2: Strikes out swinging
Top of the 8th over - 1 run(s), 2 hit(s), 0 error(s), 1 left on base; Saskatoon 3 - Colorado 0
BOTTOM OF THE 8TH
Colorado Commanders batting - Pitching for Saskatoon Smokin' Guns : RHP Melvin Hicks
Batting: RHB Júlio Torres 0-0: Swinging Strike
0-1: Called Strike
0-2: Strikes out looking
Batting: RHB Arnold Harmon 0-0: Ground out 5-3 (Groundball, 56)
Batting: RHB Ray Ervin 0-0: Ball
1-0: Swinging Strike
1-1: Swinging Strike
1-2: Strikes out looking
Bottom of the 8th over - 0 run(s), 0 hit(s), 0 error(s), 0 left on base; Saskatoon 3 - Colorado 0
TOP OF THE 9TH
Saskatoon Smokin' Guns batting - Pitching for Colorado Commanders : RHP Kel Rosewarne
Batting: LHB Bo Rush 0-0: Ball
1-0: Fly out, F5 (Popup, 5SF)
Batting: RHB Xavier López 0-0: Ball
1-0: Foul Ball, location: 2F
1-1: Ball
2-1: Foul Ball, location: 2F
2-2: Strikes out swinging
Batting: RHB Alvin Hampton 0-0: Foul Ball, location: 2F
0-1: Foul Ball, location: 2F
0-2: Ball
1-2: Strikes out looking
Top of the 9th over - 0 run(s), 0 hit(s), 0 error(s), 0 left on base; Saskatoon 3 - Colorado 0
BOTTOM OF THE 9TH
Colorado Commanders batting - Pitching for Saskatoon Smokin' Guns : RHP Melvin Hicks
Pitching: RHP Clayton Hawkins
Batting: RHB José Aranda 0-0: Ball
1-0: Called Strike
1-1: Ball
2-1: Ground out 4-3 (Groundball, 34)
Batting: LHB Michael Barrett 0-0: Ground out 4-3 (Groundball, 34)
Batting: RHB Gerald Johnson 0-0: Ball
1-0: Ball
2-0: Called Strike
2-1: Foul Ball, location: 2F
2-2: Strikes out looking
Bottom of the 9th over - 0 run(s), 0 hit(s), 0 error(s), 0 left on base; Saskatoon 3 - Colorado 0
This league is powered by Out of the Park Baseball, the baseball management simulation game for PC, Mac and Linux
Saturday, April 9th, 2016 - OOTP Baseball 16.8 Build 38